 Dungeon Crawl Stone Soup version 0.31.0-9-g3a7656b989 (webtiles) character file.

Game seed: 17684160219018523350

19 qw the Ducker (level 2, -1/14 HPs)
             Began as a Spriggan Hunter on Feb 2, 2024.
             Slain by Natasha (9 damage)
             ... on level 2 of the Dungeon.
             The game lasted 00:00:01 (909 turns).

qw the Ducker (Spriggan Hunter)                      Turns: 909, Time: 00:00:02

Health: -1/14      AC:  2    Str:  7    XL:     2   Next: 55%
Magic:  3/3        EV: 19    Int: 10    God:
Gold:   50         SH:  0    Dex: 18    Spells: 1/1 levels left

rFire   . . .        a - +0 shortbow
rCold   . . .        (shield currently unavailable)
rNeg    . . .        c - +0 robe
rPois   .            (helmet restricted)
rElec   .            (no cloak)
rCorr   .            (gloves unavailable)
SInv    +            (boots unavailable)
Will    .....        (no amulet)
Stlth   ++           (no ring)
HPRegen 0.22/turn    (no ring)
MPRegen 0.08/turn

%: no passive effects
@: very quick
A: very small, no large weapons, unfitting armour, see invisible, speed 3
a: no special abilities


You were on level 2 of the Dungeon.
You visited 1 branch of the dungeon, and saw 2 of its levels.

You collected 50 gold pieces.


Innate Abilities, Weirdness & Mutations

You are very small and have problems with some larger weapons.
You are too small for most types of armour.
You have supernaturally acute eyesight. (SInv)
You cover ground extremely quickly. (Speed+++)


   Skills:
 - Level 1.5 Fighting
 + Level 4.0 Ranged Weapons
 - Level 4.3 Dodging
 - Level 1.5 Stealth


You had one spell level left.
You didn't know any spells.
Your spell library was empty.

Inventory:

Hand Weapons
 a - a +0 shortbow (weapon)
Armour
 c - a +0 robe (worn)
Scrolls
 i - a scroll of teleportation
Potions
 g - a potion of curing
 h - a potion of might
 k - a potion of cancellation {unknown}

Dungeon Overview and Level Annotations

Branches:
Dungeon (2/15)

Altars:

Annotations:
D:2 Natasha


Message History

You shoot an arrow. The arrow hits the adder.
The adder is moderately wounded.
You shoot an arrow. The arrow closely misses the adder.
You shoot an arrow. The arrow misses the adder.
You shoot an arrow. The arrow closely misses the adder.
You shoot an arrow. The arrow closely misses the adder.
The adder misses you. x2
You shoot an arrow. The arrow closely misses the adder.
The adder barely misses you. The adder completely misses you.
You shoot an arrow. The arrow closely misses the adder.
The adder completely misses you.
You shoot an arrow. The arrow hits the adder.
The adder is severely wounded.
The adder barely misses you. x2
You shoot an arrow. The arrow hits the adder!
You kill the adder!
Your Dodging skill increases to level 4!
You see here an adder corpse.
You now have 50 gold pieces (gained 12).
Natasha, Servant of Life and Death comes into view.
Natasha hisses angrily.
You hear a shout!
You shoot an arrow. The arrow closely misses Natasha.
You shoot an arrow. The arrow barely misses Natasha.
A kobold comes into view. It is wielding a +0 whip.
You shoot an arrow. The arrow misses Natasha.
You shoot an arrow. The arrow barely misses Natasha.
The arrow hits the kobold!
You kill the kobold!
Natasha stares at you and mumbles some strange words.
You resist with some effort.
You shoot an arrow.
The arrow hits Natasha but does no damage.
Natasha claws you. Natasha barely misses you.
You shoot an arrow. The arrow hits Natasha.
Natasha is moderately wounded.
Natasha claws you.
You shoot an arrow. The arrow barely misses Natasha.
Natasha claws you!
Ouch! That really hurt!
You die...
Natasha begins licking her fur clean.

##.#.# #.#.# #.#.#
#.#.# ..8. #.#.# #.#.#
.... #.#.# #.#.# ..)..
#.#.# #.#.# \....
#.#.#######.#.# ......
#.#...........# #......
#...........#.##h.\..\.
#############..@.......
###########


You could see Natasha.

Vanquished Creatures
  An adder (D:2)
  2 endoplasms (D:1)
  A giant cockroach (D:1)
  A hobgoblin (D:1)
  A quokka (D:2)
  2 ball pythons (D:1)
  A frilled lizard (D:1)
  A kobold (D:2)
10 creatures vanquished.

Notes
Turn   | Place    | Note
-------+----------+-------------------------------------------
     0 | D:1      | qw the Spriggan Hunter began the quest for the Orb.
     0 | D:1      | Reached XP level 1. HP: 10/10 MP: 2/2
     0 | D:1      | 0 ||| qw: Version: 0.3-a-155-g5e7d8dd
     0 | D:1      | 0 ||| qw: Game counter: 381
     0 | D:1      | 0 ||| qw: Melee chars always use a shield: true
     0 | D:1      | 0 ||| qw: God list: Okawaru
     0 | D:1      | 0 ||| qw: Allow faded altars: false
     0 | D:1      | 0 ||| qw: Do Orc after clearing Dungeon:15 true
     0 | D:1      | 0 ||| qw: Do second Lair branch before Depths: true
     0 | D:1      | 0 ||| qw: Lair rune preference: random
     0 | D:1      | 0 ||| qw: Goals: Normal
     0 | D:1      | 0 ||| PLANNING D:1-11
    88 | D:1      | Reached skill level 3 in Dodging
   497 | D:1      | Reached XP level 2. HP: 14/14 MP: 3/3
   822 | D:1      | 822 ||| READING scroll labelled NUNTUI BUSTAZITE.
   823 | D:1      | 823 ||| READING 3 scrolls labelled MACLOREJEYH.
   823 | D:1      | 823 ||| IDENTIFYING fizzy golden potion
   824 | D:1      | 824 ||| READING 2 scrolls of identify.
   824 | D:1      | 824 ||| IDENTIFYING silvery potion
   825 | D:1      | 825 ||| READING scroll of identify.
   825 | D:1      | 825 ||| IDENTIFYING viscous ruby potion
   826 | D:1      | 826 ||| READING 2 scrolls labelled HYDUYGRASCHO.
   829 | D:1      | 829 ||| READING scroll labelled QEKHED TACEU.
   830 | D:1      | 830 ||| DROPPING scroll of butterflies.
   831 | D:1      | 831 ||| DROPPING potion of lignification.
   902 | D:2      | Noticed Natasha
   909 | D:2      | Slain by Natasha

Levels and vault maps discovered:
D:1:      arrival_zaba_pyramid, layout_basic, chequers_mini_garden, minivault_5,
          chequers_serial_rivers_small_b
D:2:      layout_basic, hellmonk_ecumenical_altar_arch_garden,
          kennysheep_small_spiral, uniq_natasha

Skill      XL: |  1  2 |
---------------+-------+-----
Dodging        | 3 4 |  4.3
Fighting       | |  1.5
Ranged Weapons | |  4.0
Stealth        | |  1.5

Action                     || total
---------------------------++-------
   Fire: Shortbow          ||    29
    Use: Scroll            ||     6
 Armour: Robe              ||     4
  Dodge: Dodged            ||    17

Table legend:
 A = Non-vault XP
 B = Vault XP
 C = Vault XP percentage of total XP
 D = Non-vault monster count
 E = Vault monster count
 F = Vault count percentage of total count
                 A         B        C        D         E       F
            +---------+---------+-------+---------+---------+-------
      Total |      28 |       0 |   0.0 |      10 |       0 |   0.0
            +---------+---------+-------+---------+---------+-------
        D:1 |      12 |       0 |   0.0 |       7 |       0 |   0.0
        D:2 |      16 |       0 |   0.0 |       3 |       0 |   0.0
            +---------+---------+-------+---------+---------+-------
